 Dungeon Crawl Stone Soup version 0.22.0 (webtiles) character file.

309 Blackhawk the Skirmisher (level 6, -1/40 HPs)
             Began as a Kobold Berserker on Oct 28, 2018.
             Was a Priest of Trog.
             Slain by a goblin
             ... wielding a +0 dagger
             ... led by Robin
              (2 damage)
             ... on level 4 of the Dungeon.
             The game lasted 00:09:36 (4740 turns).

Blackhawk the Skirmisher (Kobold Berserker)         Turns: 4740, Time: 00:09:36

Health: -1/40      AC:  2    Str: 16    XL:     6   Next: 69%
Magic:  6/6        EV: 17    Int:  8    God:    Trog [***...]
Gold:   197        SH:  0    Dex: 15    Spells: 5/5 levels left

rFire    . . .     SeeInvis .   a - +0 mace
rCold    . . .     Gourm    .   (shield restricted)
rNeg     . . .     Faith    .   b - +0 animal skin
rPois    .         Spirit   .   (no helmet)
rElec    .         Reflect  .   (no cloak)
rCorr    .         Harm     .   (no gloves)
MR       ++...                  (no boots)
Stlth    +++.......             (no amulet)
HPRegen  1.13/turn              (no ring)
MPRegen  0.10/turn              (no ring)

@: berserk cooldown, regenerating, slowed, very slow
A: small, carnivore
a: Berserk, Trog's Hand, Renounce Religion


You were on level 4 of the Dungeon.
You worshipped Trog.
Trog was most pleased with you.
You were very full.

You visited 1 branch of the dungeon, and saw 4 of its levels.

You collected 197 gold pieces.

Inventory:

Hand Weapons
 a - a +0 mace (weapon)
Missiles
 k - 58 stones (quivered)
Armour
 b - a +0 animal skin (worn)
Jewellery
 l - an uncursed ring of wizardry {unknown}
 n - an uncursed ring of magical power {unknown}
 p - an uncursed ring of protection from magic {unknown}
Scrolls
 e - 2 scrolls of identify {unknown}
 f - 5 scrolls of remove curse {unknown}
 j - 2 scrolls of fear {unknown}
 m - a scroll of teleportation {unknown}
 o - a scroll of amnesia {unknown}
 q - a scroll of fog {unknown}
Potions
 d - 2 potions of might {unknown}
 g - a potion of cancellation {unknown}
 h - 3 potions of lignification {unknown}
 i - 2 potions of flight {unknown}
Comestibles
 c - 5 rations


   Skills:
 + Level 4.8 Fighting
 + Level 3.9 Maces & Flails
 - Level 1.7 Armour
 + Level 4.3 Dodging
 + Level 4.0 Stealth


You had 5 spell levels left.
You didn't know any spells.
Your spell library was empty.

Dungeon Overview and Level Annotations

Branches:
Dungeon (4/15)
 Temple: D:4-7

Altars:
Ru

Annotations:
D:3 3 runed doors, dontdoit's ghost, amateur DETm


Innate Abilities, Weirdness & Mutations

You are small and have problems with some larger weapons.
You are carnivorous and can eat meat at any time.


Message History

The goblin closely misses you.
The jackal barks!
You hit Robin.
Robin is severely wounded.
The goblin no longer looks unusually strong.
The goblin hits you with a dagger.
* * * LOW HITPOINT WARNING * * *
Robin barely misses you. The goblin completely misses you.
The goblin barely misses you. The goblin misses you.
Robin roars a battlecry!
The goblins go into a battle-frenzy!
The goblin misses you.
You sock Robin!
You kill Robin!
Trog accepts your kill.
The goblin no longer looks unusually strong.
The goblin completely misses you. The goblin misses you. The goblin hits you.
* * * LOW HITPOINT WARNING * * *
The goblin barely misses you. The goblin hits you with a dagger.
You die... ## ... ## ### .##.##. ### #..#.......#..# ## ...#..8..#... #. #.o#..h#..# #. .gg8... #. #ggg#

#. #@# #.
###g##
###########.
#..g.#
#........#..
#..###
#.###.......
#..#
##.#...##.#..
#..#
#....####..##
###..#
##..### ##.#
#....####...#
#.#
#.........###
#..


You could see an orc, a jackal and 7 goblins.

Vanquished Creatures
  2 orc wizards
  An orc priest (D:3)
  A worker ant (D:4)
  Robin (D:4)
  2 adders
  5 oozes
  4 worms
  2 dart slugs (D:1)
  A leopard gecko (D:3)
  19 orcs
  A ball python (D:2)
  A giant cockroach (D:2)
  11 goblins
  11 hobgoblins
  8 jackals
  2 quokkas
  16 bats
  9 frilled lizards
  8 kobolds
  10 rats
115 creatures vanquished.

Notes
Turn   | Place    | Note
-------+----------+-------------------------------------------
     0 | D:1      | Blackhawk the Kobold Berserker began the quest for the Orb.
     0 | D:1      | Reached XP level 1. HP: 14/14 MP: 1/1
   390 | D:1      | Reached XP level 2. HP: 11/19 MP: 2/2
   771 | D:1      | Reached skill level 1 in Stealth
   775 | D:1      | Reached XP level 3. HP: 17/23 MP: 3/3
  1387 | D:1      | Reached ** piety under Trog
  1741 | D:1      | Reached XP level 4. HP: 29/29 MP: 4/4
  2436 | D:2      | Found a sacrificial altar of Ru.
  2450 | D:2      | Reached XP level 5. HP: 17/33 MP: 5/5
  3244 | D:3      | Noticed dontdoit's ghost (amateur DETm)
  3255 | D:3      | Reached *** piety under Trog
  3532 | D:3      | Found a runed gate.
  3532 | D:3      | Found a runed gate.
  3532 | D:3      | Found a runed gate.
  3556 | D:3      | Reached XP level 6. HP: 39/39 MP: 6/6
  4717 | D:4      | Noticed Robin
  4737 | D:4      | HP: 1/40 [Robin/club (4)]
  4740 | D:4      | Killed Robin
  4740 | D:4      | Slain by a goblin

Skill      XL: |  1  2  3  4  5  6 |
---------------+-------------------+-----
Stealth        | 1 2 3 4 |  4.0
Maces & Flails | 3 |  3.9
Dodging        | 3 4 |  4.3
Fighting       | 4 |  4.8
Armour         | |  1.7

Action                   |  1- 3 |  4- 6 || total
-------------------------+-------+-------++-------
Melee: Mace              |    80 |   262 ||   342
Invok: Berserk           |     1 |     8 ||     9
       Trog's Hand       |       |     1 ||     1
 Stab: Sleeping          |     4 |     1 ||     5
       Paralysed         |       |     3 ||     3
  Eat: Chunk             |    11 |    17 ||    28
Armor: Animal skin       |    21 |    35 ||    56
Dodge: Dodged            |    95 |   283 ||   378
